[ AOE2 MATCH · #495921642 ]
UnrankedMongols vs Magyars
Player's team · WIN
Rival team · LOSS
[ REPLAY ANALYSIS · EXTRACTED FROM THE RECORDED GAME ]
Feudal
8:53
Castle
19:28
Imperial
36:00
| APM avg | 78.6 |
| APM peak | 104 |
| eAPM avg | 32.8 |
| Villagers / military | 179 / 95 |
Focus
⚔️ 49.8% · 🌾 50.2%
Cavalry Archer ×76 · Mangonel ×6 · Scout Cavalry ×5 · Mangudai ×3 · Spearman ×3 · Knight ×2
Feudal
8:29
Castle
20:10
Imperial
—
| APM avg | 117.0 |
| APM peak | 188 |
| eAPM avg | 48.1 |
| Villagers / military | 131 / 68 |
Focus
⚔️ 61.7% · 🌾 38.3%
Cavalry Archer ×31 · Skirmisher ×24 · Scout Cavalry ×5 · Mangonel ×4 · Spearman ×4
Match map
Initial resources + every placement click. Lines = walls · curves = elevation contours. ◆ gold · ⬟ stone · ● berries · ✦ relic · ◌ wall gap
Your base· ✓ Closed at 19:28 · 30t walls · 1 gate(s)
Itz_Zenta's base· Open — opponent sealed themselves in
Smoothed initial terrain · ◌ = detected wall gap · hover for details
Inputs per minute
— ANKR.ice cream - - Itz_Zenta
Build order — ANKR.ice cream
First 150 of 439 actions detected
| 0:03 | Queue | Villager (Male) |
| 0:03 | Queue | Villager (Male) |
| 0:04 | Build | House |
| 0:09 | Queue | Villager (Male) |
| 0:10 | Queue | Villager (Male) |
| 1:25 | Queue | Villager (Male) |
| 1:25 | Queue | Villager (Male) |
| 1:53 | Build | House |
| 1:55 | Build | House |
| 1:58 | Queue | Villager (Male) |
| 1:58 | Queue | Villager (Male) |
| 2:13 | Build | Lumber Camp |
| 2:17 | Queue | Villager (Male) |
| 2:21 | Queue | Villager (Male) |
| 2:39 | Queue | Villager (Male) |
| 2:39 | Queue | Villager (Male) |
| 3:00 | Queue | Villager (Male) |
| 3:00 | Queue | Villager (Male) |
| 3:13 | Queue | Villager (Male) |
| 4:01 | Queue | Villager (Male) |
| 4:01 | Queue | Villager (Male) |
| 4:01 | Queue | Villager (Male) |
| 4:01 | Queue | Villager (Male) |
| 4:24 | Build | Mill |
| 4:51 | Queue | Villager (Male) |
| 5:31 | Research | Loom |
| 5:35 | Build | House |
| 5:36 | Build | House |
| 6:17 | Research | Feudal Age |
| 6:17 | Research | Feudal Age |
| 7:28 | Build | Barracks |
| 8:21 | Queue | Villager (Male) |
| 8:53 | Age | Feudal Age |
| 8:57 | Build | Stable |
| 8:57 | Queue | Spearman |
| 9:00 | Queue | Villager (Male) |
| 9:24 | Queue | Villager (Male) |
| 9:30 | Queue | Villager (Male) |
| 9:43 | Queue | Scout Cavalry |
| 9:43 | Queue | Scout Cavalry |
| 9:45 | Build | Palisade Wall |
| 9:51 | Queue | Scout Cavalry |
| 9:52 | Queue | Villager (Male) |
| 9:52 | Queue | Spearman |
| 10:08 | Queue | Spearman |
| 10:10 | Research | Double-Bit Axe |
| 10:14 | Build | Palisade Wall |
| 10:26 | Build | Palisade Wall |
| 10:34 | Queue | Villager (Male) |
| 10:37 | Build | House |
| 10:39 | Queue | Villager (Male) |
| 10:46 | Research | Horse Collar |
| 10:49 | Build | Farm |
| 10:49 | Build | Farm |
| 11:07 | Queue | Villager (Male) |
| 11:15 | Queue | Scout Cavalry |
| 11:28 | Queue | Scout Cavalry |
| 11:29 | Queue | Villager (Male) |
| 11:47 | Build | Farm |
| 11:48 | Build | Farm |
| 12:04 | Queue | Villager (Male) |
| 12:16 | Queue | Villager (Male) |
| 12:25 | Build | House |
| 12:29 | Build | Farm |
| 12:29 | Build | Farm |
| 12:51 | Queue | Villager (Male) |
| 12:53 | Build | Farm |
| 13:21 | Queue | Villager (Male) |
| 13:22 | Build | Farm |
| 13:24 | Build | Farm |
| 13:30 | Build | House |
| 13:31 | Build | House |
| 13:35 | Build | House |
| 13:35 | Build | House |
| 13:45 | Build | Farm |
| 13:47 | Queue | Villager (Male) |
| 13:52 | Queue | Villager (Male) |
| 13:54 | Build | Mining Camp |
| 14:13 | Queue | Villager (Male) |
| 14:18 | Build | Blacksmith |
| 14:24 | Queue | Villager (Male) |
| 14:26 | Build | Palisade Wall |
| 14:31 | Queue | Villager (Male) |
| 15:04 | Queue | Villager (Male) |
| 15:09 | Build | Archery Range |
| 15:36 | Build | Lumber Camp |
| 15:46 | Build | Palisade Wall |
| 16:21 | Queue | Villager (Male) |
| 16:33 | Build | Farm |
| 16:39 | Build | Archery Range |
| 16:48 | Research | Castle Age |
| 16:49 | Research | Castle Age |
| 17:13 | Build | Palisade Gate |
| 17:28 | Build | House |
| 17:29 | Build | House |
| 17:36 | Research | Gold Mining |
| 17:48 | Build | Farm |
| 17:55 | Build | Palisade Wall |
| 18:07 | Research | Padded Archer Armor |
| 18:24 | Research | Bloodlines |
| 18:24 | Research | Bloodlines |
| 18:24 | Research | Bloodlines |
| 18:57 | Build | Farm |
| 19:28 | Age | Castle Age |
| 19:30 | Queue | Cavalry Archer |
| 19:30 | Queue | Cavalry Archer |
| 19:32 | Research | Fletching |
| 19:33 | Queue | Knight |
| 19:34 | Queue | Villager (Male) |
| 19:37 | Queue | Villager (Male) |
| 19:40 | Build | Farm |
| 19:51 | Build | Town Center |
| 19:55 | Queue | Cavalry Archer |
| 19:55 | Queue | Cavalry Archer |
| 19:57 | Queue | Villager (Male) |
| 20:09 | Queue | Knight |
| 20:13 | Research | Bodkin Arrow |
| 20:14 | Queue | Cavalry Archer |
| 20:15 | Queue | Cavalry Archer |
| 20:22 | Build | Farm |
| 20:22 | Queue | Villager (Male) |
| 20:22 | Queue | Villager (Male) |
| 20:38 | Queue | Villager (Male) |
| 20:39 | Queue | Cavalry Archer |
| 20:39 | Queue | Cavalry Archer |
| 20:56 | Queue | Villager (Male) |
| 20:59 | Queue | Villager (Male) |
| 21:02 | Queue | Cavalry Archer |
| 21:02 | Queue | Cavalry Archer |
| 21:05 | Queue | Cavalry Archer |
| 21:06 | Queue | Cavalry Archer |
| 21:09 | Queue | Villager (Male) |
| 21:09 | Queue | Villager (Male) |
| 21:12 | Build | Farm |
| 21:13 | Build | Farm |
| 21:15 | Build | Farm |
| 21:21 | Queue | Villager (Male) |
| 21:21 | Queue | Villager (Male) |
| 21:34 | Queue | Cavalry Archer |
| 21:34 | Queue | Cavalry Archer |
| 21:35 | Queue | Villager (Male) |
| 21:41 | Queue | Villager (Male) |
| 21:41 | Queue | Villager (Male) |
| 21:47 | Build | Farm |
| 21:56 | Research | Husbandry |
| 21:56 | Research | Husbandry |
| 21:58 | Queue | Cavalry Archer |
| 22:01 | Queue | Villager (Male) |
| 22:01 | Queue | Villager (Male) |
| 22:05 | Queue | Cavalry Archer |
Build order — Itz_Zenta
First 150 of 366 actions detected
| 0:01 | Queue | Villager (Male) ×4 |
| 0:02 | Build | House |
| 0:02 | Build | House |
| 1:23 | Queue | Villager (Male) |
| 1:36 | Queue | Villager (Male) |
| 2:23 | Queue | Villager (Male) |
| 2:23 | Queue | Villager (Male) |
| 2:23 | Queue | Villager (Male) |
| 2:34 | Queue | Villager (Male) |
| 2:34 | Queue | Villager (Male) |
| 2:47 | Queue | Villager (Male) |
| 2:51 | Build | Lumber Camp |
| 3:12 | Queue | Villager (Male) |
| 3:13 | Queue | Villager (Male) |
| 3:49 | Build | House |
| 4:03 | Queue | Villager (Male) |
| 4:17 | Queue | Villager (Male) |
| 4:44 | Queue | Villager (Male) |
| 4:53 | Build | Mill |
| 5:16 | Queue | Villager (Male) |
| 5:54 | Research | Loom |
| 6:14 | Research | Feudal Age |
| 7:41 | Queue | Villager (Male) |
| 7:52 | Build | Barracks |
| 8:26 | Build | House |
| 8:29 | Age | Feudal Age |
| 8:31 | Queue | Villager (Male) |
| 8:38 | Build | Stable |
| 8:48 | Research | Double-Bit Axe |
| 8:48 | Research | Double-Bit Axe |
| 8:56 | Queue | Villager (Male) |
| 9:13 | Queue | Spearman |
| 9:24 | Queue | Villager (Male) |
| 9:25 | Queue | Scout Cavalry |
| 9:26 | Build | House |
| 9:29 | Queue | Scout Cavalry |
| 9:33 | Build | Palisade Wall |
| 9:39 | Queue | Spearman |
| 9:53 | Queue | Villager (Male) |
| 9:55 | Build | House |
| 10:13 | Build | Farm |
| 10:14 | Build | Farm |
| 10:17 | Build | Palisade Wall |
| 10:19 | Build | Palisade Wall |
| 10:19 | Queue | Villager (Male) |
| 10:22 | Build | Palisade Wall |
| 10:30 | Queue | Villager (Male) |
| 10:33 | Build | Palisade Wall |
| 10:41 | Queue | Scout Cavalry |
| 11:05 | Queue | Villager (Male) |
| 11:13 | Queue | Villager (Male) |
| 11:14 | Build | Farm |
| 11:25 | Build | Farm |
| 11:32 | Build | House |
| 11:41 | Queue | Scout Cavalry |
| 11:50 | Build | Farm |
| 12:04 | Queue | Villager (Male) |
| 12:04 | Queue | Scout Cavalry |
| 12:14 | Build | Farm |
| 12:27 | Queue | Villager (Male) |
| 12:28 | Build | Farm |
| 12:30 | Build | Farm |
| 12:42 | Build | Palisade Wall |
| 12:42 | Build | Palisade Wall |
| 12:43 | Queue | Villager (Male) |
| 12:44 | Build | House |
| 12:46 | Build | Palisade Wall |
| 12:54 | Build | Palisade Wall |
| 13:03 | Queue | Villager (Male) |
| 13:07 | Build | House |
| 13:13 | Build | Palisade Gate |
| 13:33 | Build | Farm |
| 13:35 | Build | Farm |
| 13:37 | Build | Farm |
| 13:44 | Queue | Spearman |
| 13:59 | Queue | Villager (Male) |
| 14:03 | Queue | Villager (Male) |
| 14:15 | Build | Mining Camp |
| 14:25 | Queue | Spearman |
| 14:27 | Queue | Villager (Male) |
| 14:37 | Build | House |
| 14:38 | Queue | Villager (Male) |
| 15:09 | Build | Archery Range |
| 15:17 | Queue | Villager (Male) |
| 15:28 | Build | Farm |
| 16:05 | Build | House |
| 16:06 | Queue | Villager (Male) |
| 16:07 | Build | Farm |
| 16:32 | Queue | Villager (Male) |
| 16:37 | Build | Farm |
| 16:39 | Queue | Skirmisher |
| 16:47 | Build | Farm |
| 17:25 | Build | Lumber Camp |
| 17:30 | Research | Castle Age |
| 17:31 | Research | Castle Age |
| 17:31 | Research | Castle Age |
| 17:31 | Research | Castle Age |
| 17:41 | Build | Farm |
| 17:48 | Build | Palisade Wall |
| 17:51 | Build | Palisade Wall |
| 17:53 | Queue | Skirmisher |
| 18:03 | Queue | Skirmisher |
| 18:32 | Build | Blacksmith |
| 18:33 | Queue | Skirmisher |
| 18:43 | Build | Palisade Wall |
| 18:51 | Queue | Villager (Male) |
| 18:54 | Queue | Skirmisher |
| 19:21 | Queue | Skirmisher |
| 19:22 | Research | Fletching |
| 19:22 | Research | Fletching |
| 19:24 | Build | Archery Range |
| 20:02 | Research | Padded Archer Armor |
| 20:02 | Research | Padded Archer Armor |
| 20:04 | Queue | Skirmisher |
| 20:10 | Age | Castle Age |
| 20:16 | Research | Bodkin Arrow |
| 20:16 | Research | Bodkin Arrow |
| 20:17 | Queue | Villager (Male) |
| 20:23 | Build | Palisade Wall |
| 20:24 | Build | Palisade Wall |
| 20:27 | Queue | Villager (Male) |
| 20:36 | Queue | Cavalry Archer |
| 20:36 | Queue | Cavalry Archer |
| 20:40 | Research | Elite Skirmisher (upgrade) |
| 20:40 | Research | Elite Skirmisher (upgrade) |
| 20:40 | Queue | Villager (Male) |
| 21:00 | Build | Farm |
| 21:07 | Queue | Cavalry Archer |
| 21:13 | Queue | Villager (Male) |
| 21:21 | Research | Bow Saw |
| 21:22 | Queue | Cavalry Archer |
| 21:26 | Queue | Villager (Male) |
| 21:33 | Build | House |
| 21:34 | Build | House |
| 21:47 | Queue | Cavalry Archer |
| 21:47 | Queue | Villager (Male) |
| 21:58 | Build | House |
| 21:59 | Build | House |
| 22:04 | Build | Farm |
| 22:04 | Queue | Cavalry Archer |
| 22:13 | Research | Bloodlines |
| 22:13 | Research | Bloodlines |
| 22:18 | Build | Farm |
| 22:18 | Build | Farm |
| 22:18 | Build | Farm |
| 22:19 | Queue | Villager (Male) |
| 22:36 | Build | Farm |
| 22:37 | Queue | Villager (Male) |
| 22:53 | Build | Farm |
| 22:59 | Queue | Cavalry Archer |
Match timeline
| 7:28 | ANKR.ice cream · first_building Barracks |
| 7:52 | Itz_Zenta · first_building Barracks |
| 8:29 | Itz_Zenta · age_up feudal |
| 8:38 | Itz_Zenta · first_building Stable |
| 8:53 | ANKR.ice cream · age_up feudal |
| 8:57 | ANKR.ice cream · first_building Stable |
| 9:33 | Itz_Zenta · wall_segment Palisade Wall x4 |
| 9:45 | ANKR.ice cream · wall_segment Palisade Wall x8 |
| 10:14 | ANKR.ice cream · wall_segment Palisade Wall x11 |
| 10:17 | Itz_Zenta · wall_segment Palisade Wall x3 |
| 10:19 | Itz_Zenta · wall_segment Palisade Wall x9 |
| 10:22 | Itz_Zenta · wall_segment Palisade Wall x9 |
| 10:26 | ANKR.ice cream · wall_segment Palisade Wall x8 |
| 10:33 | Itz_Zenta · wall_segment Palisade Wall x14 |
| 12:42 | Itz_Zenta · wall_segment Palisade Wall x1 |
| 12:42 | Itz_Zenta · wall_segment Palisade Wall x1 |
| 12:46 | Itz_Zenta · wall_segment Palisade Wall x1 |
| 12:54 | Itz_Zenta · wall_segment Palisade Wall x1 |
| 14:26 | ANKR.ice cream · wall_segment Palisade Wall x1 |
| 15:09 | ANKR.ice cream · first_building Archery Range |
| 15:09 | Itz_Zenta · first_building Archery Range |
| 15:46 | ANKR.ice cream · wall_segment Palisade Wall x1 |
| 17:48 | Itz_Zenta · wall_segment Palisade Wall x2 |
| 17:51 | Itz_Zenta · wall_segment Palisade Wall x2 |
| 17:55 | ANKR.ice cream · wall_segment Palisade Wall x1 |
| 18:43 | Itz_Zenta · wall_segment Palisade Wall x1 |
| 19:28 | ANKR.ice cream · age_up castle |
| 20:10 | Itz_Zenta · age_up castle |
| 20:23 | Itz_Zenta · wall_segment Palisade Wall x3 |
| 20:24 | Itz_Zenta · wall_segment Palisade Wall x1 |
| 23:41 | ANKR.ice cream · first_building Siege Workshop |
| 23:44 | Itz_Zenta · wall_segment Palisade Wall x1 |
| 28:03 | Itz_Zenta · first_building Siege Workshop |
| 30:47 | ANKR.ice cream · first_building Castle |
| 32:39 | ANKR.ice cream · first_market_sell 100 wood |
| 36:00 | ANKR.ice cream · age_up imperial |
| 37:34 | Itz_Zenta · resign |
[ AI ANALYSIS · 1 CREDIT ]
What really happened in this match?
Wolo.gg analyzes every decision: build order, eco, micro, common mistakes by bracket. Personalized analysis on WhatsApp or Discord in 30 seconds.
Civ guide
Mongols
Perfil
ANKR.ice cream